 Dungeon Crawl Stone Soup version 0.30.1-3-gfc49f6343a (webtiles) character file.

Game seed: 18296549328086160094

10554 Zeor the Skirmisher (level 11, -6/142 HPs)
             Began as a Grey Draconian Hunter on July 26, 2023.
             Was the Champion of Zin.
             Mangled by a salamander
             ... wielding a +0 halberd
              (12 damage)
             ... in a volcano.
             The game lasted 00:35:57 (10659 turns).

Zeor the Skirmisher (Grey Draconian Hunter)        Turns: 10659, Time: 00:35:58

Health: -6/142     AC: 16    Str: 15    XL:     11   Next: 37%
Magic:  15/16      EV: 22    Int: 12    God:    Zin [******]
Gold:   403        SH:  0    Dex: 24    Spells: 10/10 levels left

rFire   . . .        b - +7 dagger of Joniez {venom, Will+ Dex+3}
rCold   + . .        (no shield)
rNeg    . . .        (body armour unavailable)
rPois   ∞            (helmet restricted)
rElec   .            l - +0 cloak
rCorr   .            k - +2 pair of gloves
SInv    .            (no boots)
Will    +....        (no amulet) Stlth
                     h - ring of protection from cold
HPRegen 0.43/turn    m - +5 ring of evasion
MPRegen 0.15/turn

%: no passive effects
@: berserking, vitalised, on recite cooldown, very quick
A: AC +12, amphibious, unfitting armour, cold-blooded
a: Renounce Religion, Recite, Vitalisation, Imprison, Sanctuary, Donate Gold


You were in a volcano.
You worshipped Zin.
Zin was exalted by your worship.
You visited 3 branches of the dungeon, and saw 11 of its levels.
You also visited: Ossuary and Volcano.

You collected 816 gold pieces.
You spent 332 gold pieces at shops.
You donated 81 gold pieces to Zin.

Inventory:

Hand Weapons
 a - a +1 heavy shortbow
 b - the +7 dagger of Joniez (weapon) {venom, Will+ Dex+3}
   (You found it on level 7 of the Dungeon)

   Dex:       It affects your dexterity (+3).
   Will:      It increases your willpower.
 c - the +7 dagger of Pyromania {protect, MP+9}
   (You found it on level 7 of the Dungeon)

   MP:        It affects your magic capacity (+9).
 s - a +0 shortbow
 D - a +2 flail of protection
Armour
 k - a +2 pair of gloves (worn)
 l - a +0 cloak (worn)
Jewellery
 f - a ring of magical power
 h - a ring of protection from cold (left hand)
 m - a +5 ring of evasion (right hand)
 z - a ring of protection from cold
Wands
 o - a wand of light (4)
 p - a wand of flame (27)
Scrolls
 e - a scroll of enchant armour
 g - 5 scrolls of teleportation
 r - 2 scrolls of amnesia
 u - 2 scrolls of brand weapon
 y - a scroll of poison
 A - a scroll of magic mapping
 B - 2 scrolls of identify
Potions
 d - a potion of might
 i - a potion of berserk rage
 j - 3 potions of haste
 n - 3 potions of attraction
 q - a potion of mutation
 t - 9 potions of curing
 w - a potion of brilliance
 x - 2 potions of resistance
Miscellaneous
 C - a lightning rod (4/4)


   Skills:
 + Level 8.5 Fighting
 + Level 3.9(4.4) Short Blades
 + Level 3.0(4.0) Long Blades
 + Level 11.3 Ranged Weapons
 + Level 6.8 Dodging
 + Level 2.9 Stealth
 * Level 7.6 Invocations


You had 10 spell levels left.
You didn't know any spells.
Your spell library contained the following spells:

 Spells                   Type           Power      Damage    Failure   Level
 Freeze                   Ice            0%         1d3       32%         1
 Sandblast                Erth           0%         2d4       32%         1
 Dazzling Flash           Conj/Hex       0%         N/A       69%         3
 Tukima's Dance           Hex            0%         N/A       69%         3
 Passage of Golubria      Tloc           0%         N/A       97%         4
 Summon Ice Beast         Ice/Summ       0%         N/A       97%         4
 Agony                    Necr           0%         N/A       100%        5
 Freezing Cloud           Conj/Ice/Air   0%         6-21      100%        5
 Silence                  Hex/Air        0%         N/A       100%        5
 Yara's Violent Unravell  Hex/Tmut       0%         3d3       100%        5


Dungeon Overview and Level Annotations

Branches:
Dungeon (9/15)             Temple (1/1) D:4            Lair (1/5) D:8
    Orc (0/2) D:9         Ossuary (visited)         Volcano (1/1)

Altars:
Ashenzari
Cheibriados
Dithmenos
Elyvilon
Fedhas
Gozag
Hepliaklqana
Kikubaaqudgha
Makhleb
Nemelex Xobeh
Okawaru
Qazlal
Ru
Sif Muna
Trog
Uskayaw
Vehumet
Wu Jian
Xom
Yredelemnul
Zin
The Shining One
Ignis

Shops:
D:4 (   D:6 !

Annotations:
D:9 1 runed translucent door


Innate Abilities, Weirdness & Mutations

Your dull iron-grey scales are very hard. (AC +12)
You are amphibious.
You cannot fit into any form of body armour.
You are cold-blooded and may be slowed by cold attacks.


Message History

The salamander mystic is moderately wounded.
The salamander completely misses you.
The salamander mystic gestures at you while chanting.
The bolt of magma hits you!!
* * * LOW HITPOINT WARNING * * *
The salamander misses you.
You puncture the salamander mystic!
The salamander mystic looks as sick as possible!
The salamander mystic is heavily wounded.
You hit the salamander mystic.
The salamander mystic is severely wounded.
The salamander hits the salamander with a +3 spear!
The salamander is engulfed in flames.
The salamander completely resists.
The salamander hits itself with a +3 spear.
The salamander completely misses you.
The salamander mystic hits you with a +1 dagger of venom.
* * * LOW HITPOINT WARNING * * *
You are engulfed in flames!
* * * LOW HITPOINT WARNING * * *
Your divine stamina protects you from poison!
The salamander completely misses you.
You hit the salamander mystic.
The salamander mystic is severely wounded.
You puncture the salamander mystic! You tail-slap the salamander mystic.
The salamander mystic is almost dead.
In the distance, the volcano erupts with a roar.
The salamander hits you from afar with a +0 halberd.
* * * LOW HITPOINT WARNING * * *
You are engulfed in flames!
Zin protects you from harm!
The salamander mystic closely misses you.
The salamander barely misses you.
You hit the salamander mystic.
The salamander mystic looks as sick as possible!
The salamander mystic is almost dead.
You puncture the salamander mystic!
You kill the salamander mystic!
You are no longer poisoned.
The salamander hits you from afar with a +0 halberd!
You die...

▒▒▒▒▒ ▒▒$d$▒▒ ≈≈#≈###
▒∙N8)∙▒ ▒ ≈≈≈≈##≈#∙
▒∙N∙N∙▒▒∙▒ #≈#≈#≈≈≈∙∙∙
▒∙∙∙∙∙8d[▒ ≈######≈∙#∙
▒∙∙⌠∙∙▒∙$▒ ≈##≈≈##∙∙#▒
▒▒)∙∙▒▒∙$▒ ≈≈#≈≈#≈∙∙∙▒▒
▒▒'▒▒▒▒■▒▒
≈≈≈≈#≈∙∙∙∙8▒▒▒∙∙∙▒∙N∙∙▒▒
≈≈###≈∙∙∙∙∙∙∙■∙∩∙'dN▄∙∙▒


You could see a red draconian and 3 salamanders.

Vanquished Creatures
  A salamander mystic (Volcano)
  2 salamanders (Volcano)
  A black mamba (Lair:1)
  A molten gargoyle (Volcano)
  2 cane toads (Lair:1)
  Maggie (D:8)
  A hornet (D:9)
  2 trolls (D:9)
  2 wyverns (D:8)
  5 yaks (D:8)
  6 fire bats (Volcano)
  3 steam dragons
  2 basilisks
  An acid dragon (D:8)
  4 water moccasins
  8 orc warriors (D:9)
  A sky beast (D:7)
  2 black bears
  An ice beast (D:7)
  5 ogres
  6 centaurs
  3 kobold brigands (D:9)
  3 bullfrogs
  A gnoll sergeant (D:9)
  7 scorpions
  4 wights (D:8)
  6 howler monkeys
  5 lava snakes (Volcano)
  4 centaur zombies (Ossuary)
  8 hounds
  A human zombie (Ossuary)
  2 jellies
  6 orc priests
  Crazy Yiuf (D:3)
  3 sleepcaps
  4 iguanas
  7 orc wizards
  A hound zombie (Ossuary)
  3 mummies (Ossuary)
  8 adders
  A gnoll (D:9)
  2 white imps
  2 ufetubi
  4 adder zombies (Ossuary)
  2 worms
  30 orcs
  6 endoplasms
  A giant cockroach (D:4)
  6 goblins
  4 hobgoblins
  3 jackals (D:2)
  7 kobolds
  3 ball pythons
  4 bats
  2 frilled lizards
  4 gnoll zombies (Ossuary)
  9 goblin zombies (Ossuary)
  3 hobgoblin zombies (Ossuary)
  A jackal zombie (Ossuary)
  3 kobold zombies (Ossuary)
  An orc zombie (Ossuary)
  3 quokka zombies (Ossuary)
  6 rats
  A rat zombie (Ossuary)
242 creatures vanquished.

Notes
Turn   | Place    | Note
-------+----------+-------------------------------------------
     0 | D:1      | Zeor the Draconian Hunter began the quest for the Orb.
     0 | D:1      | Reached XP level 1. HP: 17/17 MP: 1/1
   169 | D:1      | Found a faded altar of an unknown god.
   207 | D:1      | Reached XP level 2. HP: 25/25 MP: 2/2
   222 | D:1      | Reached skill level 4 in Ranged Weapons
   799 | D:2      | Reached XP level 3. HP: 30/30 MP: 3/3
  1293 | D:3      | Found a runed translucent door.
  1294 | D:3      | Noticed Crazy Yiuf
  1486 | D:3      | Reached XP level 4. HP: 37/37 MP: 4/4
  2441 | D:3      | Killed Crazy Yiuf
  2442 | D:3      | Reached skill level 5 in Ranged Weapons
  2709 | D:4      | Reached skill level 1 in Stealth
  2709 | D:4      | Reached XP level 5. HP: 44/44 MP: 5/5
  2792 | D:4      | Found a staircase to the Ecumenical Temple.
  2886 | Temple   | Entered the Ecumenical Temple
  2934 | Temple   | Became a worshipper of Zin the Law-Giver
  2934 | Temple   | Reached * piety under Zin
  2969 | D:4      | Found Iqungudi's Antique Weapon Boutique.
  2977 | D:4      | Bought a runed long sword for 182 gold pieces
  3030 | D:4      | Found an ornate altar of the Wu Jian Council.
  3105 | D:4      | You fall into a shaft and drop 2 floors!
  3186 | D:5      | Entered Level 5 of the Dungeon
  3233 | D:4      | Reached ** piety under Zin
  3800 | D:5      | Reached skill level 1 in Invocations
  3834 | D:5      | Reached *** piety under Zin
  3940 | D:5      | Reached XP level 6. HP: 51/51 MP: 7/7
  4112 | D:5      | Reached skill level 6 in Ranged Weapons
  4146 | D:5      | Your scales start taking on a dull iron-grey colour.
  4146 | D:5      | Reached XP level 7. HP: 13/57 MP: 5/8
  4324 | D:5      | Reached skill level 1 in Long Blades
  4866 | D:6      | Found a bloodstained altar of Trog.
  4889 | D:6      | Reached XP level 8. HP: 61/66 MP: 10/10
  4982 | D:6      | Found Dayshuw's Distillery.
  4997 | D:6      | Reached skill level 7 in Ranged Weapons
  5004 | D:6      | Bought a potion of berserk rage for 50 gold pieces
  5004 | D:6      | Bought a potion of heal wounds for 50 gold pieces
  5004 | D:6      | Bought a potion of heal wounds for 50 gold pieces
  5173 | D:6      | Reached skill level 5 in Fighting
  5281 | D:6      | Reached **** piety under Zin
  5447 | D:6      | Found an opulent altar of Gozag.
  5587 | D:6      | Got Sif Muna's Octavo of the Crystallized Fjord
  5623 | D:6      | Found a basalt altar of Yredelemnul.
  5718 | D:6      | Found a white marble altar of Elyvilon.
  5765 | D:7      | Identified the +7 dagger of Pyromania {protect, MP+9}
  5769 | D:7      | Identified the +7 dagger of Joniez {venom, Will+ Dex+3}
  5786 | D:7      | Found a hazy altar of Hepliaklqana.
  5955 | D:7      | Found an iron altar of Okawaru.
  5992 | D:7      | Found a stormy altar of Qazlal.
  6058 | D:7      | Identified the +4 helmet of Generosity {MP+9}
  6078 | D:7      | Found a sand-covered staircase.
  6088 | Ossuary  | Entered an ossuary
  6127 | Ossuary  | Reached ***** piety under Zin
  6332 | Ossuary  | Reached XP level 9. HP: 75/75 MP: 12/12
  6655 | D:7      | Reached skill level 5 in Dodging
  6666 | D:7      | Reached skill level 1 in Short Blades
  6937 | D:8      | Reached skill level 8 in Ranged Weapons
  7449 | D:8      | Found a shadowy altar of Dithmenos.
  7512 | D:8      | Noticed Maggie
  7536 | D:8      | Killed Maggie
  7537 | D:8      | Reached skill level 5 in Invocations
  7680 | D:8      | Reached skill level 9 in Ranged Weapons
  7691 | D:8      | Reached XP level 10. HP: 57/86 MP: 10/14
  7858 | D:8      | Found a staircase to the Lair.
  7957 | D:8      | Identified the +3 spear "Vucobung" {vamp, rF++}
  7986 | D:8      | Reached ****** piety under Zin
  8311 | D:9      | Noticed a sixfirhy
  8312 | D:9      | Found a runed translucent door.
  8320 | D:9      | Found a broken altar of Ashenzari.
  9024 | D:9      | Reached skill level 10 in Ranged Weapons
  9085 | D:9      | Found a staircase to the Orcish Mines.
  9472 | Lair:1   | Entered Level 1 of the Lair of Beasts
  9727 | Lair:1   | Noticed a cane toad
  9735 | Lair:1   | Killed a cane toad
  9736 | Lair:1   | Reached XP level 11. HP: 66/94 MP: 16/16
  9948 | Lair:1   | Found a dark tunnel.
  9957 | Volcano  | Entered a volcano
 10151 | Volcano  | Reached skill level 11 in Ranged Weapons
 10492 | Volcano  | Noticed a red draconian
 10573 | Volcano  | Found a radiant altar of Vehumet.
 10573 | Volcano  | Noticed a salamander mystic
 10657 | Volcano  | HP: 6/142 [salamander/+0 halberd (6)]
 10657 | Volcano  | Zin protects you from harm!
 10659 | Volcano  | Killed a salamander mystic
 10659 | Volcano  | Mangled by a salamander

Illustrated notes

Levels and vault maps discovered:
D:1:      amcnicky_arrival_flooded_fountain, layout_basic,
          chequers_ecumenical_altar_twisty, minmay_bisected
D:2:      layout_rooms
D:3:      layout_basic, uniq_crazy_yiuf_cottage
D:4:      layout_gridville, lemuel_tele_altar, minmay_temple_entry_glass,
          serial_shops, nicolae_shop_tiny_real_fake_doors
D:5:      layout_gridville, minmay_crystal_water
D:6:      layout_rooms, kennysheep_ying_yang, mainiacjoe_overflow_tiny_flanked,
          mainiacjoe_overflow_catwalk, serial_shops,
          nicolae_shop_advertising_works [nicolae_subvault_shop_adworks],
          hangedman_decor_growths, minmay_circle_x
D:7:      layout_basic, nicolae_hepliaklqana_hazy_memory,
          mainiacjoe_overflow_two_lobes, nicolae_ossuary_entry_monument,
          minivault_27
D:8:      layout_basic, mainiacjoe_overflow_alcove_4, minmay_lair_entry_grove,
          uniq_maggie
D:9:      cheibrodos_shockbox, layout_loops_corners, nicolae_ashenzari_skybound,
          kennysheep_orc_monster_closet_entryway, uniq_joseph
Temple:   pdpol_scorched_temple
Lair:1:   layout_cave_pods, lightli_volcano_entry_magma_tube, grunt_megastairs_4
Volcano:  volcano_grotto [vgs_many_chambers]

Skill      XL: |  1  2  3  4  5  6  7  8  9 10 11 |
---------------+----------------------------------+-----
Ranged Weapons | 4 5 6 7 9 10 11 | 11.3
Dodging        | 2 3 4 5 6 |  6.8
Stealth        | 1 2 |  2.9
Fighting       | 3 4 5 7 8 |  8.5
Invocations    | 1 2 3 4 5 7 |  7.6
Long Blades    | 2 3 |  3.0
Short Blades   | 2 3 |  3.9

Action                     |  1- 3 |  4- 6 |  7- 9 | 10-12 || total
---------------------------+-------+-------+-------+-------++-------
  Melee: Long sword        |       |    28 |    55 |       ||    83
         Tailslap          |       |     2 |    33 |    12 ||    47
         Punch             |       |       |     3 |       ||     3
         Dagger            |       |       |    92 |    61 ||   153
   Fire: Shortbow          |   102 |    95 |   285 |   145 ||   627
 Invoke: Recite            |       |     1 |     3 |     3 ||     7
         Vitalisation      |       |     1 |     1 |     1 ||     3
    Use: Scroll            |     8 |     6 |     6 |     3 ||    23
         Potion            |       |     2 |     2 |     5 ||     9
   Stab: Confused          |       |       |     1 |       ||     1
 Armour: Skin              |    14 |    31 |    97 |    25 ||   167
  Dodge: Dodged            |    30 |    69 |   243 |   128 ||   470
